Map: Ley Lines

Players

LigerMaNN - Winner!

  • Race: Zerg Zerg
  • League: Diamond
  • Spawn Location: 1:00

Shiznips

  • Race: Protoss Protoss
  • League: Master
  • Spawn Location: 7:00

VOD

Have the link to the VOD?

Description

Time

  • Played on: June 4, 2025, 4:33 p.m.
  • Length: 12:41
Show
View Real Time Build Order
Export as new Build Order

LigerMaNN Zerg - Winner!

Build Orders: Hatch First 

Get SALT Encoding   

  12  0:00  Drone  
  13  0:12  Overlord  
  13  0:16  Drone  
  14  0:34  Drone x2  
  16  0:47  Hatchery  
  15  0:51  Drone  
  15  0:55  Drone  
  17  0:59  Drone  
  18  1:10  Extractor  
  17  1:16  Spawning Pool  
  16  1:26  Drone x2  
  16  1:28  Drone  
  19  1:40  Overlord  
  19  2:06  Queen  
  19  2:07  Queen  
  19  2:08  Zergling x6  
  26  2:20  Drone  
  26  2:21  Drone x2  
  29  2:23  Drone  
  29  2:29  Metabolic Boost  
  30  2:38  Drone  
  30  2:39  Drone  
  32  3:10  Zergling x8  
  36  3:13  Overlord x2  
  36  3:24  Hatchery  
  36  3:26  Drone  
  36  3:34  Drone  
  36  3:35  Drone x4  
  41  3:44  Lair  
  41  3:46  Drone x2  
  43  3:48  Queen  
  41  4:11  Zergling x10  
  46  4:25  Drone x2  
  48  4:37  Queen x2  
  52  4:41  Drone x5  
  57  4:55  Roach Warren  
  56  5:00  Drone x2, Evolution Chamber  
  56  5:02  Drone x2, Extractor  
  56  5:03  Drone, Extractor  
  56  5:05  Overlord x2  
  56  5:06  Overlord x2  
  56  5:29  Drone x8  
  64  5:36  Glial Reconstitution  
  64  5:37  Zerg Missile Weapons Level 1  
  64  5:39  Zergling x6  
  67  5:48  Roach x2  
  67  5:49  Zergling x2  
  72  5:50  Zergling x10  
  67  6:12  Roach x3  
  67  6:13  Roach x4  
  67  6:14  Zergling x14  
  86  6:31  Hatchery  
  85  6:35  Overseer  
  85  6:42  Roach x2  
  85  6:44  Overlord x7  
  74  7:11  Roach x13  
  98  7:20  Drone x3  
  101  7:34  Hatchery  
  100  7:39  Drone x2  
  100  7:40  Drone, Extractor  
  102  7:47  Zerg Missile Weapons Level 2  
  98  7:52  Hydralisk Den  
  73  8:16  Roach x15  
  103  8:27  Muscular Augments  
  103  8:30  Drone x9  
  103  8:33  Extractor  
  111  8:34  Extractor  
  110  8:42  Drone x3  
  110  8:43  Overlord  
  113  8:50  Infestation Pit  
  112  9:12  Roach x2  
  112  9:13  Roach x10  
  124  9:26  Roach x7  
  134  9:44  Hydralisk x5  
  132  9:46  Zergling x4  
  132  9:47  Zergling x8  
  132  9:48  Drone  
  132  9:49  Drone  
  132  9:50  Drone  
  135  10:01  Drone x7  
  142  10:11  Overlord x4  
  142  10:15  Ravager x5  
  115  10:38  Roach x8  
  115  10:39  Roach x5  
  135  10:46  Drone  
  135  10:47  Drone x4  
  140  11:01  Hatchery  
  139  11:25  Hive  
  139  11:31  Roach x3  
  139  11:32  Roach x18  
  181  11:33  Roach  
  155  11:50  Roach x3  
  155  11:51  Roach x9  
  155  11:53  Ravager x2  
Show
View Real Time Build Order
Export as new Build Order

Shiznips Protoss 

Build Orders: 1 Gate Expand, Mass Adepts, Zealot Archon 

Get SALT Encoding   

  12  0:00  Probe  
  13  0:12  Probe  
  14  0:18  Pylon  
  14  0:24  Probe  
  15  0:35  Probe  
  15  0:40  Gateway  
  16  0:43  Probe  
  17  0:50  Assimilator  
  17  0:52  Probe  
  18  1:03  Probe  
  19  1:15  Probe  
  20  1:27  Cybernetics Core  
  20  1:30  Probe  
  20  1:43  Nexus  
  20  1:57  Pylon  
  20  2:03  Adept  
  20  2:04  Warp Gate  
  22  2:19  Probe  
  22  2:21  Assimilator  
  23  2:34  Gateway  
  23  2:36  Adept  
  25  2:42  Twilight Council  
  25  2:47  Probe  
  26  2:58  Probe  
  27  2:59  Probe  
  28  3:10  Probe  
  28  3:11  Probe  
  30  3:22  Probe  
  30  3:23  Probe  
  30  3:26  Resonating Glaives  
  36  3:33  Pylon  
  36  3:34  Probe  
  36  3:35  Probe  
  38  3:46  Probe  
  38  3:48  Probe  
  36  3:54  Adept x2  
  36  3:55  Gateway x2  
  40  4:08  Probe  
  40  4:09  Probe  
  38  4:15  Adept  
  38  4:16  Adept  
  42  4:20  Probe  
  42  4:21  Probe  
  44  4:29  Templar Archives  
  44  4:33  Probe x2  
  44  4:37  Adept x2  
  50  4:54  Adept x2  
  54  5:02  Assimilator  
  54  5:06  Assimilator  
  54  5:08  Pylon  
  54  5:26  Probe x2  
  56  5:36  Charge  
  56  5:39  Probe x2  
  56  5:41  Nexus  
  56  5:42  Pylon  
  58  5:44  High Templar x2  
  58  5:47  Gateway  
  58  5:48  Gateway  
  62  5:50  Gateway  
  62  5:51  Gateway  
  62  6:00  Probe x2  
  50  6:18  Zealot  
  50  6:19  Zealot x3  
  50  6:21  Archon  
  58  6:36  Pylon  
  58  6:39  Pylon, High Templar x2  
  62  6:40  Zealot  
  62  6:41  Zealot  
  62  6:43  Archon  
  65  6:49  Forge  
  65  6:53  Probe x3  
  68  7:01  Zealot x6  
  70  7:05  Probe  
  79  7:11  Protoss Ground Weapons Level 1, Probe x2  
  77  7:17  Probe  
  77  7:18  High Templar  
  77  7:19  High Templar  
  82  7:23  Probe x2  
  82  7:24  Archon  
  82  7:25  Zealot x2  
  82  7:26  Zealot x4  
  82  7:29  Probe  
  97  7:43  Probe  
  97  7:44  Probe x2  
  86  8:05  Zealot x8  
  74  8:25  Pylon  
  74  8:26  Gateway, High Templar x2  
  78  8:27  Gateway, High Templar x2  
  78  8:28  High Templar  
  78  8:29  High Templar  
  78  8:30  Gateway x2, Zealot x2  
  78  8:32  Archon  
  78  8:33  Archon x2  
  90  8:43  Assimilator  
  90  8:47  Assimilator  
  90  8:56  High Templar x2  
  90  9:00  Archon  
  90  9:01  Zealot x3  
  90  9:02  Zealot x3  
  106  9:22  Zealot x2  
  104  9:44  Gateway  
  100  9:50  High Templar x2  
  100  9:52  Zealot x2  
  108  9:54  Archon  
  108  10:08  Pylon  
  108  10:11  Pylon  
  108  10:14  Pylon  
  108  10:16  Pylon  
  108  10:18  Pylon  
  108  10:20  Pylon  
  108  10:23  Shield Battery  
  108  10:25  Shield Battery  
  108  10:26  Shield Battery  
  108  10:27  Shield Battery  
  108  10:28  Shield Battery  
  64  10:38  High Templar x2  
  64  10:39  High Templar x2  
  64  10:40  Zealot x7  
  76  10:43  Archon  
  76  10:44  Archon  
  76  10:49  Zealot  
  78  11:01  Zealot  
  78  11:03  High Templar x2  
  84  11:04  Zealot x4  
  84  11:07  Archon  
  92  11:12  Gateway  
  92  11:15  Gateway  
  92  11:19  Gateway  
  92  11:21  Gateway  
  92  11:22  Gateway  
  92  11:23  Gateway  
  92  11:24  Zealot x3  
  92  11:25  Zealot x7  
  100  11:52  High Templar x3  
  100  11:53  High Templar  
  100  11:54  Zealot x8  
  110  11:57  Archon x2  
  124  12:17  Nexus  
  124  12:19  Pylon  
  124  12:21  Pylon  
  104  12:26  Zealot  
  104  12:27  Zealot x8  
  104  12:28  Zealot  
Tags
 
Add a new tag
Caveats
  • Supply blocks, unpowered buildings, or Contaminate may cause inaccurate times.
  • Supply counts are checked every 10 seconds.